[Event "Titled Tuesday Blitz January 03 Early 2023"]
[White "Fernandez Garcia, Gumersindo"]
[Black "Zierk, Steven"]
[WhiteFideId "24516740"]
[BlackFideId "2034255"]
[WhiteElo "2160"]
[BlackElo "2488"]
[Result "1-0"]
[Round "01"]
[TimeControl "180+2"]
[Date "2023.01.03"]
[WhiteClock "0:00:20"]
[BlackClock "0:00:43"]

1. g3 d5 2. Bg2 Nf6 3. a3 e5 4. d3 c6 5. e3 Bd6 6. Ne2 h5 7. h3 Be6 8. Nd2 Nbd7 9. c4 dxc4 10. Nxc4 Bc7 11. b3 Nd5 12. Bb2 Qg5 13. h4 Qg6 14. Qc2 f6 15. e4 Ne7 16. Rd1 c5 17. Nc3 O-O 18. Ne3 Nc6 19. Ncd5 Bd6 20. Nc4 Bb8 21. O-O b5 22. Nce3 Nd4 23. Bxd4 exd4 24. Ne7+ Kf7 25. Nxg6 Kxg6 26. Nd5 Bd6 27. Nf4+ Bxf4 28. gxf4 Kh7 29. Qe2 Bf7 30. Bf3 Bxb3 31. Rb1 c4 32. Bxh5 Nc5 33. Qg4 Rh8 34. Qg6+ Kg8 35. Qf7+ Kh7 36. Kh2 Raf8 37. Qg6+ Kg8 38. Rg1 Rh7 39. e5 fxe5 40. f5 Nxd3 41. Qe6+ Kh8 42. Bg6 Rh6 43. h5 Nf4 44. Qe7 Rg8 45. f6 Nxh5 46. Bxh5 Rxh5+ 47. Kg3 gxf6+ 48. Kf3 Rf5+ 49. Ke2 Rgg5 50. Rh1+ Kg8 51. Qe8+ Kg7 52. Qh8+ Kf7 53. Rh7+ Ke6 54. Qe8+ Kd5 55. Rd7+ Ke4 56. Qa8+ Kf4 57. Qf3# 1-0


[Site "https://www.chess.com"]

[Event "Titled Tuesday Blitz January 03 Early 2023"]
[White "Xu, Yi"]
[Black "Baches Garcia, Guillermo"]
[WhiteFideId "8605564"]
[BlackFideId "2209764"]
[WhiteElo "2527"]
[BlackElo "2327"]
[Result "1-0"]
[Round "01"]
[TimeControl "180+2"]
[Date "2023.01.03"]
[WhiteClock "0:00:04"]
[BlackClock "0:00:02"]

1. e4 c5 2. Nf3 d6 3. d4 cxd4 4. Nxd4 Nf6 5. Nc3 Nc6 6. Bg5 e6 7. Qd2 h6 8. Nxc6 bxc6 9. Bf4 e5 10. Bg3 Be7 11. Bc4 Nh5 12. Qe2 Nxg3 13. hxg3 O-O 14. O-O-O Be6 15. Bb3 Qc8 16. Kb1 a5 17. Bxe6 Qxe6 18. f4 Rfe8 19. f5 Qc8 20. Qg4 Kf8 21. Rd3 Rd8 22. Rhd1 Qc7 23. Na4 Rab8 24. a3 Qb7 25. c4 Qa6 26. Rc3 Rb7 27. Qf3 Rdb8 28. Ka1 c5 29. Ka2 Qc6 30. b3 Bg5 31. Qd3 Ke7 32. Qd5 Qc7 33. Rcd3 Rb6 34. Rb1 R8b7 35. Nc3 Qb8 36. Nb5 Rxb5 37. cxb5 Rxb5 38. Qc4 a4 39. Qxa4 Qb7 40. Rd5 Rb6 41. Qc4 Be3 42. f6+ gxf6 43. b4 Bd4 44. b5 Qa8 45. a4 Qa5 46. Qc2 Rb8 47. Rb3 Ra8 48. Ra3 Qb4 49. Rxd4 exd4 50. Qb3 Qd2+ 51. Qb2 Qe1 52. b6 Qxe4 53. a5 Qd5+ 54. Ka1 c4 55. b7 1-0


[Site "https://www.chess.com"]

[Event "Titled Tuesday Blitz January 03 Early 2023"]
[White "Krstic, Milos"]
[Black "Jones, Gawain C B"]
[WhiteFideId "954888"]
[BlackFideId "409561"]
[WhiteElo "2183"]
[BlackElo "2618"]
[Result "0-1"]
[Round "01"]
[TimeControl "180+2"]
[Date "2023.01.03"]
[WhiteClock "0:00:16"]
[BlackClock "0:00:41"]

1. e4 c5 2. Nf3 Nc6 3. d4 cxd4 4. Nxd4 g6 5. Nc3 Bg7 6. Be3 Nf6 7. Bc4 O-O 8. Bb3 d6 9. h3 Nxd4 10. Bxd4 Be6 11. O-O a6 12. f4 Rc8 13. Qd3 Qc7 14. Rad1 Bc4 15. Bxc4 Qxc4 16. Rfe1 b5 17. a3 e6 18. b3 Qxd3 19. Rxd3 Nh5 20. Bxg7 Kxg7 21. g3 Rc6 22. Kf2 Nf6 23. Kf3 Rfc8 24. Ree3 Nd7 25. Ne2 e5 26. Rc3 Kf6 27. Rxc6 Rxc6 28. Rc3 Rc5 29. Rxc5 Nxc5 30. Nc3 exf4 31. gxf4 Ke6 32. Ne2 f5 33. Nd4+ Kf6 34. exf5 gxf5 35. Nc6 Ke6 36. Nd4+ Kf6 37. Nc6 Ne4 38. Nb8 a5 39. Nc6 a4 40. Nd4 b4 41. bxa4 bxa3 42. Nb3 Nc5 43. Na1 Nxa4 44. Ke3 Nc5 45. Kd4 Ne6+ 46. Kd5 Nxf4+ 47. Kxd6 Ne6 48. Kd5 f4 49. Ke4 a2 50. c4 Kg5 51. c5 Nxc5+ 52. Kf3 Kf5 53. Nb3 0-1


[Site "https://www.chess.com"]

[Event "Titled Tuesday Blitz January 03 Early 2023"]
[White "Ibarra Jerez, Jose Carlos"]
[Black "Karas, Marek"]
[WhiteFideId "2226332"]
[BlackFideId "14928558"]
[WhiteElo "2563"]
[BlackElo "2227"]
[Result "0-1"]
[Round "01"]
[TimeControl "180+2"]
[Date "2023.01.03"]
[WhiteClock "0:00:03"]
[BlackClock "0:00:06"]

1. e4 e6 2. d4 d5 3. Nd2 a6 4. Ngf3 c5 5. exd5 exd5 6. Be2 Nf6 7. O-O Be7 8. dxc5 Bxc5 9. Nb3 Bb6 10. Qd3 O-O 11. Be3 Bxe3 12. Qxe3 Re8 13. Qd2 Ne4 14. Qf4 Nc6 15. Bd3 Qf6 16. Qxf6 Nxf6 17. Rfe1 Bg4 18. Nfd4 Ne5 19. f3 Nxd3 20. cxd3 Bd7 21. Nc5 b6 22. Ncb3 Kf8 23. Kf2 Rxe1 24. Rxe1 Rc8 25. g4 h6 26. h4 g5 27. hxg5 hxg5 28. Kg3 Re8 29. Rc1 Rc8 30. Rxc8+ Bxc8 31. a4 a5 32. Nb5 Bd7 33. N3d4 Ke7 34. Kf2 Ne8 35. Ke3 Nd6 36. Nc7 Be6 37. Na8 Nc8 38. Nc7 Kd7 39. Ncb5 Nd6 40. b3 Nb7 41. Kd2 Nc5 42. Kc3 f6 43. Na3 Kd6 44. Nac2 Bd7 45. Ne2 Ne6 46. d4 Nc7 47. Ng3 b5 48. axb5 Nxb5+ 49. Kd2 Be6 50. Kd3 Bd7 51. Ne3 Nc7 52. Nh5 Ke7 53. Ng3 Be6 54. Kd2 Kd6 55. Kc3 Nb5+ 56. Kd3 Bd7 57. Nc2 Nc7 58. Ne2 Bb5+ 59. Kd2 Bxe2 60. Kxe2 Nb5 61. Kd3 Ke6 62. Ne3 Nd6 63. Kc3 Nb5+ 64. Kd3 Nd6 65. Nc2 Nb5 66. Kd2 f5 67. Ke3 fxg4 68. fxg4 Nd6 69. Ne1 Ne4 70. Nf3 Kf6 71. Ne5 Nc3 72. Kd3 Na2 73. Ke3 Nb4 74. Nd7+ Ke6 75. Nc5+ Ke7 76. Nb7 Nc6 77. Kd3 Ke6 78. Kc3 Kd7 79. Nc5+ Kd6 80. Kd3 Nb4+ 81. Kc3 Nc6 82. Nd3 Ke6 83. Ne1 Nd8 84. Nf3 Nf7 85. Kb2 Kd6 86. Ka3 Kc6 87. Ka4 Kb6 88. Ne5 Nxe5 89. dxe5 d4 90. e6 Kc6 91. e7 Kd7 92. Kxa5 d3 93. b4 d2 94. e8=Q+ Kxe8 95. Kb6 d1=Q 96. b5 Qxg4 97. Ka7 Qa4+ 98. Kb6 g4 99. Kb7 Qxb5+ 0-1


[Site "https://www.chess.com"]

[Event "Titled Tuesday Blitz January 03 Early 2023"]
[White "Ibadov, Dashgyn"]
[Black "Yeletsky, Ivan"]
[WhiteFideId "24107514"]
[BlackFideId "24180327"]
[WhiteElo "2391"]
[BlackElo "2494"]
[Result "0-1"]
[Round "01"]
[TimeControl "180+2"]
[Date "2023.01.03"]
[WhiteClock "0:00:01"]
[BlackClock "0:00:03"]

1. e4 c6 2. d4 d5 3. e5 Bf5 4. Nf3 e6 5. Be2 c5 6. Be3 Qb6 7. O-O Nc6 8. Nc3 Qxb2 9. Qe1 cxd4 10. Bxd4 Nxd4 11. Nxd4 Bb4 12. Ndb5 Ne7 13. Rb1 Bxc3 14. Rxb2 Bxe1 15. Nc7+ Kd7 16. Nxa8 Kc6 17. Bb5+ Kc5 18. Rxe1 Rxa8 19. Bd3 b6 20. f4 h5 21. Kf2 Rc8 22. Ke3 g6 23. a4 Kc6 24. a5 Rb8 25. axb6 axb6 26. Ra1 Kc7 27. Ra7+ Rb7 28. Rba2 Bxd3 29. Kxd3 Nc6 30. Rxb7+ Kxb7 31. c3 Na5 32. g3 Nb3 33. Rb2 Nc5+ 34. Kd4 Kc6 35. h3 Na4 36. Ra2 b5 37. g4 h4 38. f5 g5 39. Rf2 Nc5 40. fxe6 Nxe6+ 41. Ke3 Nf4 42. Kd4 Ne6+ 43. Ke3 Nf4 44. Rf1 Kc5 45. Ra1 Nxh3 46. Ra7 Nf4 47. Rxf7 h3 48. Rh7 Kc4 0-1


[Site "https://www.chess.com"]

[Event "Titled Tuesday Blitz January 03 Early 2023"]
[White "Tang, Andrew"]
[Black "Walentukiewicz, Michal"]
[WhiteFideId "2059630"]
[BlackFideId "1126903"]
[WhiteElo "2523"]
[BlackElo "2060"]
[Result "1-0"]
[Round "01"]
[TimeControl "180+2"]
[Date "2023.01.03"]
[WhiteClock "0:00:33"]
[BlackClock "0:01:36"]

1. d4 g6 2. c4 Bg7 3. Nc3 c5 4. d5 d6 5. e4 Nf6 6. Nge2 O-O 7. Ng3 e6 8. Be2 exd5 9. cxd5 Na6 10. O-O Nc7 11. h3 Rb8 12. a4 a6 13. a5 b5 14. axb6 Rxb6 15. f4 Re8 16. Bd3 Rb4 17. Qc2 Nd7 18. Kh2 Nb6 19. Bd2 Nc4 20. Bc1 Nb5 21. Na2 Nd4 22. Qf2 Rxb2 23. Bxb2 Nxb2 24. Nc1 Nxd3 25. Nxd3 Qh4 26. Rae1 Bd7 27. f5 Bb5 28. fxg6 Rf8 29. gxf7+ Kh8 30. Re3 c4 31. Nf4 c3 32. Rc1 c2 33. Ne6 Nxe6 34. dxe6 Bh6 35. Rxc2 Qe7 36. Nf5 Bxe3 37. Nxe7 Bxf2 38. Rxf2 1-0


[Site "https://www.chess.com"]

[Event "Titled Tuesday Blitz January 03 Early 2023"]
[White "Tymrakiewicz, Rafal"]
[Black "Babazada, Khazar"]
[WhiteFideId "1108832"]
[BlackFideId "13413554"]
[WhiteElo "2144"]
[BlackElo "2474"]
[Result "0-1"]
[Round "01"]
[TimeControl "180+2"]
[Date "2023.01.03"]
[WhiteClock "0:00:12"]
[BlackClock "0:01:26"]

1. d4 Nf6 2. Bg5 d6 3. e3 Nbd7 4. c4 g6 5. Nc3 Bg7 6. Nf3 O-O 7. Be2 c6 8. O-O e5 9. Qc2 Re8 10. Rfe1 Qc7 11. Rad1 Nf8 12. Bh4 Bf5 13. Qb3 Ne6 14. Qa3 Nh5 15. d5 Nc5 16. b4 Nd7 17. h3 Nhf6 18. g4 Bc2 19. Rd2 e4 20. Rxc2 exf3 21. Bxf3 Ne5 22. Be2 cxd5 23. Bxf6 Bxf6 24. Nxd5 Qd8 25. Rd1 Bg7 26. c5 dxc5 27. bxc5 Qh4 28. Kg2 Rad8 29. Qb4 h5 30. gxh5 Qg5+ 31. Kf1 Nc6 32. Qf4 Rxd5 33. Qxg5 Rxg5 34. hxg6 Rxg6 35. Rd7 Re7 36. Rxe7 Nxe7 37. Bf3 Nc6 38. Rb2 Bxb2 0-1


[Site "https://www.chess.com"]

[Event "Titled Tuesday Blitz January 03 Early 2023"]
[White "Demchenko, Anton"]
[Black "Zhuravlev, Alexey"]
[WhiteFideId "4160258"]
[BlackFideId "4164199"]
[WhiteElo "2623"]
[BlackElo "2359"]
[Result "1-0"]
[Round "01"]
[TimeControl "180+2"]
[Date "2023.01.03"]
[WhiteClock "0:00:08"]
[BlackClock "0:00:05"]

1. e4 c6 2. d4 d5 3. e5 Bf5 4. Nd2 e6 5. Nb3 Nd7 6. Nf3 h6 7. c3 Ne7 8. Be2 g5 9. h4 g4 10. Nh2 h5 11. Nf1 Bg7 12. Ng3 Bg6 13. Bg5 f6 14. exf6 Nxf6 15. Nc5 Qc8 16. Qd2 Nf5 17. Bd3 Kf7 18. Bxf5 exf5 19. O-O Ne4 20. Ncxe4 fxe4 21. f4 Bf5 22. Rf2 Kg6 23. Nf1 Qe6 24. g3 Rac8 25. Ne3 Rc7 26. a4 Rd7 27. Kh2 Rc8 28. a5 c5 29. dxc5 d4 30. cxd4 Bxd4 31. Re2 Bxc5 32. Qe1 Rd3 33. Nxf5 Kxf5 34. Rc1 b6 35. b4 Bd4 36. Rxc8 Qxc8 37. Rxe4 Qc2+ 38. Re2 Qc3 39. Qb1 1-0


[Site "https://www.chess.com"]

[Event "Titled Tuesday Blitz January 03 Early 2023"]
[White "Mortazavi, Ali"]
[Black "Zhigalko, Sergei"]
[WhiteFideId "401323"]
[BlackFideId "13502956"]
[WhiteElo "2333"]
[BlackElo "2572"]
[Result "0-1"]
[Round "01"]
[TimeControl "180+2"]
[Date "2023.01.03"]
[WhiteClock "0:01:29"]
[BlackClock "0:01:17"]

1. e4 c5 2. Nc3 Nc6 3. g3 g6 4. Bg2 Bg7 5. d3 Rb8 6. Be3 d6 7. Qd2 b5 8. Nd1 b4 9. Ne2 Nd4 10. c3 bxc3 11. bxc3 Nxe2 12. Qxe2 Nf6 13. O-O O-O 14. h3 Qa5 15. f4 Ba6 16. Rc1 Qa3 17. Rf2 Nd7 18. h4 Rb6 19. h5 Rfb8 20. hxg6 hxg6 21. f5 Ne5 22. fxg6 fxg6 23. Bh3 Bc8 24. Bxc8 Rxc8 25. d4 cxd4 26. Bxd4 Qxc1 27. Bxe5 dxe5 28. Rf1 Rf6 29. Nf2 Qxc3 30. Qb5 Qxg3+ 0-1


[Site "https://www.chess.com"]

[Event "Titled Tuesday Blitz January 03 Early 2023"]
[White "Indjic, Aleksandar"]
[Black "Golubova, Anna"]
[WhiteFideId "911925"]
[BlackFideId "24173606"]
[WhiteElo "2618"]
[BlackElo "2156"]
[Result "1/2-1/2"]
[Round "01"]
[TimeControl "180+2"]
[Date "2023.01.03"]
[WhiteClock "0:00:32"]
[BlackClock "0:00:24"]

1. e4 g6 2. d4 Bg7 3. c4 d6 4. Nc3 Nc6 5. Nge2 e5 6. Be3 f5 7. exf5 gxf5 8. f4 Nge7 9. dxe5 dxe5 10. Qxd8+ Nxd8 11. fxe5 Bxe5 12. Bf4 Nf7 13. O-O-O c6 14. Re1 O-O 15. Bxe5 Nxe5 16. Nf4 N7g6 17. Nxg6 Nxg6 18. Bd3 f4 19. Bxg6 hxg6 20. Rhf1 Bg4 21. Re4 g5 22. h4 Bf5 23. Re5 Kg7 24. hxg5 Bd3 25. Re7+ Kg6 26. Rf3 Bxc4 27. Rxb7 Kxg5 28. Rb4 Be6 29. Ne4+ Kg4 30. Nf2+ Kg5 31. a3 Rad8 32. g3 fxg3 33. Rxg3+ Kf5 34. Ne4 Bd5 35. Nc3 Rg8 36. Rxg8 Rxg8 37. Kd2 Rg2+ 38. Ke3 Rg3+ 39. Kd4 Ke6 40. Kc5 Rg2 41. Rb7 Rc2 42. a4 a5 43. Rb6 Ke5 44. Rb8 Ke6 45. Re8+ Kd7 46. Re2 Rxe2 47. Nxe2 Bb3 48. Nc3 Kc7 49. Nb5+ Kb7 50. Nd6+ Kc7 51. Nc4 Bxa4 52. Nxa5 Bb5 53. Nb3 Ba4 54. Nd4 Kb7 55. b4 Kc7 56. Nf5 Bd1 57. Ne3 Bf3 58. Nc2 Bg2 59. Nd4 Bh1 60. b5 cxb5 61. Nxb5+ 1/2-1/2


[Site "https://www.chess.com"]

[Event "Titled Tuesday Blitz January 03 Early 2023"]
[White "Salman, Pavel"]
[Black "Ohanyan, Emin"]
[WhiteFideId "24153753"]
[BlackFideId "13312022"]
[WhiteElo "2287"]
[BlackElo "2444"]
[Result "0-1"]
[Round "01"]
[TimeControl "180+2"]
[Date "2023.01.03"]
[WhiteClock "0:01:29"]
[BlackClock "0:01:13"]

1. Nf3 d5 2. g3 g6 3. Bg2 Bg7 4. O-O e5 5. d3 Ne7 6. Nbd2 O-O 7. e4 Nbc6 8. c3 b6 9. Qc2 Bb7 10. Re1 d4 11. a4 Rc8 12. Nc4 f6 13. h4 Qd7 14. Kh2 Rcd8 15. h5 Bc8 16. h6 Bh8 17. Qb3 Qe6 18. Ng1 Qf7 19. Bh3 Bxh3 20. Nxh3 dxc3 21. bxc3 Rxd3 22. Ba3 Nd4 23. Qa2 Nf3+ 24. Kg2 Nxe1+ 25. Rxe1 c5 26. f4 Rxc3 27. Rc1 Rxc1 28. Bxc1 Nc6 29. Qe2 Nd4 30. Qf1 Qe6 31. Nf2 f5 32. Nd3 Qxc4 0-1


[Site "https://www.chess.com"]

[Event "Titled Tuesday Blitz January 03 Early 2023"]
[White "Ozen, Bahadir"]
[Black "Gheorghiu, Calin"]
[WhiteFideId "6337058"]
[BlackFideId "1200305"]
[WhiteElo "2369"]
[BlackElo "2313"]
[Result "1-0"]
[Round "01"]
[TimeControl "180+2"]
[Date "2023.01.03"]
[WhiteClock "0:00:24"]
[BlackClock "0:00:01"]

1. g3 d5 2. Nf3 Nf6 3. Bg2 Nc6 4. O-O e5 5. d3 Be7 6. c3 O-O 7. Qc2 a5 8. Nbd2 a4 9. Rb1 h6 10. b4 axb3 11. axb3 Bf5 12. e4 Bg6 13. b4 d4 14. b5 dxc3 15. bxc6 cxd2 16. Bxd2 bxc6 17. Nxe5 Re8 18. Nxc6 Qd7 19. Nxe7+ Rxe7 20. Rfd1 Bh5 21. Re1 Rd8 22. Rb3 Ng4 23. h3 Ne5 24. Re3 Re6 25. g4 Rc6 26. Rc3 Bg6 27. Rxc6 Nxc6 28. Bc3 h5 29. f4 hxg4 30. f5 gxh3 31. Bxh3 Bh5 32. Qg2 Nd4 33. f6 Bg4 34. Bxg4 Qd6 35. e5 Qc5 36. Bxd4 Rxd4 37. Be2 Qc1+ 38. Kf2 Rf4+ 39. Rf3 g6 40. Qg3 Qc5+ 41. Kg2 Rd4 42. e6 Qe7 43. fxe7 1-0


[Site "https://www.chess.com"]

[Event "Titled Tuesday Blitz January 03 Early 2023"]
[White "Namitbir Singh Walia"]
[Black "Sethuraman, S.P."]
[WhiteFideId "35071068"]
[BlackFideId "5021596"]
[WhiteElo "2364"]
[BlackElo "2626"]
[Result "0-1"]
[Round "01"]
[TimeControl "180+2"]
[Date "2023.01.03"]
[WhiteClock "0:00:31"]
[BlackClock "0:01:26"]

1. e4 c5 2. Nf3 d6 3. d4 cxd4 4. Nxd4 Nf6 5. f3 Nc6 6. c4 Qb6 7. Nb3 a5 8. Qe2 a4 9. Be3 Qc7 10. N3d2 g6 11. Nc3 Bg7 12. Qf2 O-O 13. Be2 a3 14. b3 Ng4 15. fxg4 Bxc3 16. Rc1 Bb2 17. Rd1 Nb4 18. O-O Nxa2 19. Qh4 Nc3 20. Rde1 Nxe2+ 21. Rxe2 a2 22. Nf3 Bf6 23. Bg5 a1=Q 24. Rxa1 Rxa1+ 25. Kf2 Qc5+ 26. Kg3 Be5+ 27. Kh3 h5 0-1


[Site "https://www.chess.com"]

[Event "Titled Tuesday Blitz January 03 Early 2023"]
[White "Harsha Bharathakoti"]
[Black "Mogirzan, Matei-Valeriu"]
[WhiteFideId "5078776"]
[BlackFideId "1257455"]
[WhiteElo "2602"]
[BlackElo "1813"]
[Result "1-0"]
[Round "01"]
[TimeControl "180+2"]
[Date "2023.01.03"]
[WhiteClock "0:01:09"]
[BlackClock "0:00:03"]

1. b3 Nf6 2. Bb2 e6 3. e3 d5 4. f4 c5 5. Nf3 Nc6 6. Bb5 Bd6 7. Bxc6+ bxc6 8. d3 Rb8 9. Nbd2 O-O 10. O-O Ng4 11. Qe2 f5 12. h3 Nf6 13. Ne5 Bd7 14. a4 Be8 15. Qf2 Be7 16. Kh1 Nh5 17. Ndf3 Nf6 18. Rg1 c4 19. dxc4 Ne4 20. Qe1 Bf6 21. Kh2 c5 22. Rd1 Qc7 23. cxd5 exd5 24. Rxd5 c4 25. Ba3 cxb3 26. cxb3 Bf7 27. Rd7 Qc2 28. Bxf8 Rxf8 29. Nd4 Qb2 30. Rxf7 Rxf7 31. Nxf7 Kxf7 32. Nxf5 Nd2 33. Qd1 Nf3+ 34. Qxf3 1-0


[Site "https://www.chess.com"]

[Event "Titled Tuesday Blitz January 03 Early 2023"]
[White "Blanco Acevedo, Cristobal Jose"]
[Black "Tactrics"]
[WhiteFideId "3900525"]
[WhiteElo "2310"]
[BlackElo "2846"]
[Result "1-0"]
[Round "01"]
[TimeControl "180+2"]
[Date "2023.01.03"]
[WhiteClock "0:01:24"]
[BlackClock "0:01:05"]

1. e4 e6 2. d4 d5 3. Nc3 Nc6 4. exd5 exd5 5. a3 Bd6 6. Be3 Nge7 7. Bd3 a6 8. Nge2 Bg4 9. Qd2 Qd7 10. h3 Bf5 11. Bf4 Bxd3 12. Qxd3 O-O 13. Bxd6 Qxd6 14. O-O Nd8 15. Rae1 Ne6 16. f4 g6 17. Nd1 Rfe8 18. Ne3 f5 19. c4 c6 20. c5 Qc7 21. g4 Rf8 22. g5 h6 23. h4 hxg5 24. hxg5 Kf7 25. Ng2 Rh8 26. Rf3 Rh5 27. Re3 Re8 28. Rxe6 Kxe6 29. Ng3+ Kd7 30. Nxh5 gxh5 31. Qe3 Kd8 32. Nh4 Qd7 33. Qe6 Rf8 34. Qxd7+ Kxd7 35. Rxe7+ Kxe7 36. Ng6+ Kf7 37. Nxf8 Kxf8 38. b4 Kg7 39. Kg2 Kf7 40. Kg3 Kg7 41. Kh4 Kg6 42. a4 1-0


[Site "https://www.chess.com"]

[Event "Titled Tuesday Blitz January 03 Early 2023"]
[White "Kozak, Adam"]
[Black "Khamdamova, Afruza"]
[WhiteFideId "753246"]
[BlackFideId "14210444"]
[WhiteElo "2572"]
[BlackElo "2162"]
[Result "1-0"]
[Round "01"]
[TimeControl "180+2"]
[Date "2023.01.03"]
[WhiteClock "0:01:41"]
[BlackClock "0:00:05"]

1. c4 Nf6 2. Nc3 e5 3. Nf3 Nc6 4. e4 Bb4 5. d3 d6 6. a3 Bxc3+ 7. bxc3 O-O 8. Be2 Bg4 9. O-O Qe7 10. h3 Bh5 11. Bg5 h6 12. Bh4 Qe6 13. Rb1 Rab8 14. Qd2 Ne7 15. g4 Nxg4 16. hxg4 Qxg4+ 17. Bg3 Qh3 18. Nh2 f5 19. Bxh5 Qxh5 20. exf5 Nxf5 21. Qd1 Qf7 22. Qf3 b6 23. Qd5 Rbe8 24. Qxf7+ Rxf7 25. Ng4 Re6 26. Ne3 Ne7 27. a4 a5 28. Rbe1 Rg6 29. Kh2 h5 30. f4 exf4 31. Rxf4 Rxf4 32. Bxf4 Nc6 33. Nd5 Rg4 34. Re4 g5 35. Nf6+ Kf7 36. Nxg4 1-0


[Site "https://www.chess.com"]

[Event "Titled Tuesday Blitz January 03 Early 2023"]
[White "Redzisz, Michal"]
[Black "Sanal, Vahap"]
[WhiteFideId "21816107"]
[BlackFideId "6300545"]
[WhiteElo "2269"]
[BlackElo "2600"]
[Result "0-1"]
[Round "01"]
[TimeControl "180+2"]
[Date "2023.01.03"]
[WhiteClock "0:00:03"]
[BlackClock "0:00:07"]

1. Nf3 d5 2. c4 e6 3. g3 Nf6 4. Bg2 Be7 5. O-O O-O 6. b3 b6 7. Bb2 Bb7 8. e3 Nbd7 9. Nc3 Ne4 10. Qc2 Bf6 11. Rad1 c5 12. d4 Nxc3 13. Bxc3 Qc7 14. dxc5 bxc5 15. cxd5 Bxc3 16. dxe6 fxe6 17. Ng5 Nf6 18. Nxe6 Qe7 19. Bxb7 Qxb7 20. Qxc3 Rfe8 21. Nxc5 Qf3 22. Qc4+ Kh8 23. Qf4 Qc6 24. b4 a5 25. Rd6 Qb5 26. a3 axb4 27. axb4 Rf8 28. Rfd1 Qe2 29. h3 Ng4 30. Qxg4 Qxf2+ 31. Kh1 Ra2 32. R6d2 Rxd2 33. Rxd2 Qe1+ 34. Kg2 Qxd2+ 35. Kh1 Qe1+ 36. Kg2 Rf2# 0-1


[Site "https://www.chess.com"]

[Event "Titled Tuesday Blitz January 03 Early 2023"]
[White "Gunina, Valentina"]
[Black "Mikhalsky, Vladimir"]
[WhiteFideId "4167570"]
[BlackFideId "14144352"]
[WhiteElo "2469"]
[BlackElo "2219"]
[Result "1-0"]
[Round "01"]
[TimeControl "180+2"]
[Date "2023.01.03"]
[WhiteClock "0:00:53"]
[BlackClock "0:00:21"]

1. c4 c5 2. Nf3 Nf6 3. Nc3 d5 4. cxd5 Nxd5 5. e4 Nxc3 6. bxc3 g6 7. Bc4 Bg7 8. O-O O-O 9. Re1 Nc6 10. h3 Qd6 11. a4 Na5 12. Bf1 Be6 13. Ba3 Qc7 14. d4 Rfd8 15. d5 Bxc3 16. Rc1 Bxe1 17. Qxe1 Bd7 18. Rxc5 Qb6 19. Rxa5 Rdc8 20. Bxe7 Rc2 21. d6 Rxf2 22. Qxf2 Qxa5 23. Bc4 Qxa4 24. Bxf7+ Kg7 25. Bd5 Bc6 26. Qb2+ Kh6 27. Bg5+ 1-0


[Site "https://www.chess.com"]

[Event "Titled Tuesday Blitz January 03 Early 2023"]
[White "TheKnightOfBosnia"]
[Black "Ter-Sahakyan, Samvel"]
[BlackFideId "13302531"]
[WhiteElo "2481"]
[BlackElo "2617"]
[Result "0-1"]
[Round "01"]
[TimeControl "180+2"]
[Date "2023.01.03"]
[WhiteClock "0:00:23"]
[BlackClock "0:00:11"]

1. e4 c6 2. d4 d5 3. Nd2 dxe4 4. Nxe4 Bf5 5. Ng3 Bg6 6. N1e2 Nf6 7. Nf4 e5 8. Nxg6 hxg6 9. Be3 Nbd7 10. dxe5 Nxe5 11. Qxd8+ Rxd8 12. Bxa7 Nd5 13. c3 Nf4 14. Bd4 Ned3+ 15. Bxd3 Nxd3+ 16. Ke2 Nxb2 17. Rab1 Na4 18. Rxb7 c5 19. Re1 Rd7 20. Kd3+ Kd8 21. Rxd7+ Kxd7 22. Be3 Rxh2 23. Kc4 Kc6 24. Rg1 Nb6+ 25. Kd3 c4+ 26. Ke4 Nd5 27. Bd4 f6 28. Kf3 Rh4 29. Re1 Rf4+ 30. Ke2 Bb4 31. Rc1 Ba3 32. Rd1 g5 33. Rd2 Bc5 34. Bxc5 Nxc3+ 35. Ke3 Kxc5 36. Rc2 Nd5+ 37. Ke2 Rd4 38. Nf5 Re4+ 39. Kf1 g6 40. Ng3 Re8 41. Ne2 Rb8 42. g3 Rb1+ 43. Kg2 f5 44. Kf3 g4+ 45. Kg2 g5 46. Nc3 Nxc3 47. Rxc3 Kd4 48. Ra3 c3 49. Ra8 c2 50. Rd8+ Ke5 51. Re8+ Kf6 52. Rf8+ Kg6 0-1


[Site "https://www.chess.com"]

[Event "Titled Tuesday Blitz January 03 Early 2023"]
[White "Kobalia, Mikhail"]
[Black "Mekhane, Adam"]
[WhiteFideId "4119150"]
[BlackFideId "36050601"]
[WhiteElo "2578"]
[BlackElo "2280"]
[Result "1-0"]
[Round "01"]
[TimeControl "180+2"]
[Date "2023.01.03"]
[WhiteClock "0:01:13"]
[BlackClock "0:00:52"]

1. e4 c5 2. Nf3 e6 3. g3 Nc6 4. Bg2 g6 5. d4 cxd4 6. Nxd4 Nxd4 7. Qxd4 Qf6 8. e5 Qe7 9. Nc3 Bg7 10. Ne4 Nh6 11. Nd6+ Kf8 12. Bf4 Nf5 13. Nxf5 gxf5 14. O-O-O d5 15. exd6 Qd7 16. Be5 Bh6+ 17. Kb1 Rg8 18. Rd3 Bg7 19. Rc3 Qd8 20. Rd1 f6 21. Bf4 e5 22. Qb4 Bd7 23. Be3 a5 24. Qb3 a4 25. Qb4 Rb8 26. Rc7 f4 27. Ba7 Bc6 28. Bxc6 1-0


[Site "https://www.chess.com"]

[Event "Titled Tuesday Blitz January 03 Early 2023"]
[White "Mohammed, Zozek Salah Mohammed"]
[Black "Samunenkov, Ihor"]
[WhiteFideId "4803361"]
[BlackFideId "14187086"]
[WhiteElo "2210"]
[BlackElo "2501"]
[Result "1-0"]
[Round "01"]
[TimeControl "180+2"]
[Date "2023.01.03"]
[WhiteClock "0:00:09"]
[BlackClock "0:00:02"]

1. d4 Nf6 2. Nf3 e6 3. c4 b6 4. g3 c6 5. Bg2 Be7 6. O-O O-O 7. Nc3 d5 8. Nd2 a5 9. e4 dxc4 10. Nxc4 Ba6 11. b3 b5 12. Ne3 b4 13. Ne2 Bxe2 14. Qxe2 Qxd4 15. Bb2 Qa7 16. Nc4 Nbd7 17. Rac1 a4 18. Rfd1 Rfd8 19. Nd6 axb3 20. axb3 Qa2 21. Rxc6 Qxb3 22. e5 Nd5 23. Bxd5 exd5 24. e6 Nf6 25. exf7+ Kf8 26. Nf5 Ra7 27. Nxg7 Kxg7 28. Qg4+ Kxf7 29. Bxf6 Bxf6 30. Qe6+ Kf8 31. Qxf6+ Ke8 32. Re1+ Kd7 33. Qe6# 1-0


[Site "https://www.chess.com"]

[Event "Titled Tuesday Blitz January 03 Early 2023"]
[White "Oliveira, Silvio Eduardo"]
[Black "Donskov, Anatoly"]
[WhiteFideId "2111560"]
[BlackFideId "24143413"]
[WhiteElo "2297"]
[BlackElo "2279"]
[Result "1-0"]
[Round "01"]
[TimeControl "180+2"]
[Date "2023.01.03"]
[WhiteClock "0:01:13"]
[BlackClock "0:00:45"]

1. e4 c5 2. Nf3 e6 3. d4 cxd4 4. Nxd4 Nf6 5. Nc3 Nc6 6. Nxc6 bxc6 7. e5 Nd5 8. Ne4 Qc7 9. f4 Rb8 10. a3 f5 11. exf6 Nxf6 12. Nxf6+ gxf6 13. Bd3 Qb6 14. Qh5+ Ke7 15. b4 Qd4 16. Rb1 Rg8 17. Qxh7+ Rg7 18. Qh3 Qc3+ 19. Bd2 Qxa3 20. O-O d5 21. Rbe1 Kd6 22. Qh4 Be7 23. f5 e5 24. Rxe5 fxe5 25. Qh6+ 1-0


[Site "https://www.chess.com"]

[Event "Titled Tuesday Blitz January 03 Early 2023"]
[White "Jovic, Stanoje"]
[Black "Nenezic, Marko"]
[WhiteFideId "905020"]
[BlackFideId "912123"]
[WhiteElo "2075"]
[BlackElo "2514"]
[Result "0-1"]
[Round "01"]
[TimeControl "180+2"]
[Date "2023.01.03"]
[WhiteClock "0:00:04"]
[BlackClock "0:00:05"]

1. c4 Nf6 2. g3 g6 3. Bg2 Bg7 4. Nc3 O-O 5. Nf3 d6 6. O-O e5 7. d3 Nc6 8. Rb1 a5 9. a3 h6 10. b4 axb4 11. axb4 Be6 12. b5 Ne7 13. e4 Nh7 14. Nd5 c6 15. Nxe7+ Qxe7 16. bxc6 bxc6 17. Rb6 Qc7 18. Qb3 Rfb8 19. Rxb8+ Rxb8 20. Qa3 Bf8 21. Qa1 Rb3 22. Rd1 Qb7 23. Be3 c5 24. h3 g5 25. Kh2 Nf6 26. Bf1 Rb2 27. Nd2 Rb4 28. Rb1 Kg7 29. Rxb4 Qxb4 30. Qb1 Bd7 31. Be2 Ba4 32. Qa1 Nd7 33. f4 f6 34. h4 Be7 35. fxg5 fxg5 36. Qf1 Nf8 37. Bg4 Be8 38. h5 Qa3 39. Kh3 Nh7 40. Qf5 Qxd3 41. Qe6 Qxe3 42. Qxe7+ Bf7 43. Qxd6 Nf6 44. Nf1 Qxe4 45. Nh2 Bxc4 46. Qe7+ Bf7 47. Qxc5 Qd4 48. Qxd4 exd4 49. Bd1 Bxh5 50. g4 Bg6 51. Kg3 Nd5 52. Nf3 d3 53. Ne5 Be4 54. Kf2 Nc3 55. Bb3 Bd5 56. Bxd5 d2 57. Nd3 d1=Q 58. Bf3 Qd2+ 59. Kg3 Qxd3 0-1


[Site "https://www.chess.com"]